 Dungeon Crawl Stone Soup version 0.21.0-3-g78d12a8bdd (webtiles) character file.

139286 Jannitor the Warrior (level 16, -3/149 HPs)
             Began as a Purple Draconian Gladiator on Jan 14, 2018.
             Was an Elder of Makhleb.
             Slain by a tentacle (18 damage)
             ... attached to a kraken
             ... on level 4 of the Shoals on Jan 15, 2018.
             The game lasted 01:15:01 (32914 turns).

Jannitor the Warrior (Purple Draconian Gladiator)  Turns: 32914, Time: 01:15:02

Health: -3/149     AC: 17    Str: 25    XL:     16   Next: 73%
Magic:  25/25      EV: 30    Int: 12    God:    Makhleb [****..]
Gold:   412        SH:  0    Dex: 18    Spells: 19/25 levels left

rFire    . . .     SeeInvis +   T - +3 great sword "Kulogupil" {freeze, +Blink Str+5}
rCold    + + .     Gourm    .   (shield currently unavailable)
rNeg     . . .     Faith    .   (armour unavailable)
rPois    .         Spirit   .   b - +1 hat
rElec    +         Reflect  .   U - +1 cloak of Starlight {rElec rC+ EV+4 Stlth--}
rCorr    .         Harm     .   p - +2 pair of gloves {Str+3}
MR       ++...                  C - +1 pair of boots
Stlth    ..........             J - amulet "Xioneh" {*Drain +Blink +Rage rC+ Int+2}
HPRegen  0.34/turn              w - +3 ring of evasion
MPRegen  0.19/turn              S - ring of see invisible

@: about to teleport, berserk cooldown, slowed, very slow
A: breathe power, unfitting armour, cold-blooded, AC +9
a: Breathe Dispelling Energy, Minor Destruction, Lesser Servant of Makhleb,
Major Destruction, Renounce Religion, Evoke Blink, Evoke Berserk Rage


You were on level 4 of the Shoals.
You worshipped Makhleb.
Makhleb was greatly pleased with you.
You were near starving.

You visited 5 branches of the dungeon, and saw 28 of its levels.
You also visited: Labyrinth.

You collected 2602 gold pieces.
You spent 2190 gold pieces at shops.

Inventory:

Hand Weapons
 a - a +2 scimitar of holy wrath
 N - the +10 scimitar of Infinite Pain {flame, rF+ rC+++ MP-9 Dex+4}
   (You bought it in a shop on level 15 of the Dungeon)

   It has been specially enchanted to burn those struck by it, causing extra
   injury to most foes and up to half again as much damage against particularly
   susceptible opponents.
   Big, fiery blades are also staple armaments of hydra-hunters.
   It affects your dexterity (+4).
   It protects you from fire.
   It renders you almost immune to cold.
   It affects your magic capacity (-9).
 T - the +3 great sword "Kulogupil" (weapon) {freeze, +Blink Str+5}
   (You bought it in a shop on level 11 of the Dungeon)

   It has been specially enchanted to freeze those struck by it, causing extra
   injury to most foes and up to half again as much damage against particularly
   susceptible opponents.
   It can also slow down cold-blooded creatures.
   It affects your strength (+5).
   It lets you blink.
Missiles
 c - 4 throwing nets (quivered)
Armour
 b - a +1 hat (worn)
 p - a +2 pair of gloves of strength (worn)
 C - a +1 pair of boots (worn)
 U - the +1 cloak of Starlight (worn) {rElec rC+ EV+4 Stlth--}
   (You found it on level 5 of the Lair of Beasts)

   It affects your evasion (+4).
   It protects you from cold.
   It insulates you from electricity.
   It makes you much less stealthy.
Jewellery
 o - an uncursed amulet of guardian spirit
 w - a +3 ring of evasion (left hand)
 y - an uncursed ring of positive energy
 E - an uncursed amulet of faith
 J - the amulet "Xioneh" (around neck) {*Drain +Blink +Rage rC+ Int+2}
   (You bought it in a shop on level 12 of the Dungeon)

   [amulet of rage]

   It affects your intelligence (+2).
   It protects you from cold.
   It lets you blink.
   It lets you go berserk.
   It causes draining when unequipped.
 L - an uncursed ring of flight
 S - a ring of see invisible (right hand)
 W - an uncursed amulet of regeneration
 Y - an uncursed ring of protection from magic
Wands
 j - a wand of flame (39)
 v - a wand of random effects (18)
 D - a wand of digging (29)
 F - a wand of iceblast (11)
 H - a wand of paralysis (18)
 P - a wand of acid (11)
Scrolls
 e - 4 scrolls of identify
 g - 8 scrolls of remove curse
 m - 2 scrolls of teleportation
 q - 6 scrolls of amnesia
 s - 2 scrolls of enchant armour
 I - 2 scrolls of magic mapping
 Q - 2 scrolls of enchant weapon
 Z - 3 scrolls of immolation
Potions
 f - 6 potions of curing
 h - 4 potions of berserk rage
 i - 2 potions of magic
 l - 4 potions of flight
 n - 2 potions of ambrosia {unknown}
 t - 2 potions of mutation
 A - 5 potions of brilliance
 G - a potion of agility
 R - 4 potions of resistance
 V - a potion of lignification
Books
 r - a book of Minor Magic

   Spells                             Type                      Level
   a - Magic Dart                     Conjuration                  1
   b - Blink                          Translocation                2
   c - Call Imp                       Summoning                    2
   d - Slow                           Hexes                        2
   e - Conjure Flame                  Conjuration/Fire             3
   f - Mephitic Cloud                 Conjuration/Poison/Air       3
 u - a book of Flames

   Spells                             Type                      Level
   a - Flame Tongue                   Conjuration/Fire             1
   b - Throw Flame                    Conjuration/Fire             2
   c - Conjure Flame                  Conjuration/Fire             3
   d - Inner Flame                    Hexes/Fire                   3
   e - Sticky Flame                   Conjuration/Fire             4
   f - Fireball                       Conjuration/Fire             5
 z - a book of Air

   Spells                             Type                      Level
   a - Shock                          Conjuration/Air              1
   b - Swiftness                      Charms/Air                   2
   c - Static Discharge               Conjuration/Air              3
   d - Airstrike                      Air                          4
   e - Lightning Bolt                 Conjuration/Air              5
 B - a book of Conjurations

   Spells                             Type                      Level
   a - Magic Dart                     Conjuration                  1
   b - Searing Ray                    Conjuration                  2
   c - Dazzling Spray                 Conjuration/Hexes            3
   d - Fulminant Prism                Conjuration/Hexes            4
   e - Force Lance                    Conjuration/Translocation    4
   f - Iskenderun's Mystic Blast      Conjuration                  4
 K - a book of Clouds

   Spells                             Type                      Level
   a - Poisonous Vapours              Poison/Air                   2
   b - Mephitic Cloud                 Conjuration/Poison/Air       3
   c - Conjure Flame                  Conjuration/Fire             3
   d - Freezing Cloud                 Conjuration/Ice/Air          6
   e - Ring of Flames                 Charms/Fire                  7
 X - Roxanne's Almanac of Transformation
   (You took it off Roxanne on level 15 of the Dungeon)

   Spells                             Type                      Level
   a - Sticks to Snakes               Transmutation                2
   b - Passwall                       Transmutation/Earth          2
   c - Ignite Poison                  Fire/Transmutation/Poison    3
   d - Yara's Violent Unravelling     Hexes/Transmutation          5
   e - Statue Form                    Transmutation/Earth          6
Comestibles
 d - 26 rations


   Skills:
 + Level 15.0 Fighting
 + Level 14.0 Long Blades
 - Level 1.7 Throwing
 + Level 13.1 Dodging
 * Level 5.3 Spellcasting
 * Level 4.8 Transmutations
 * Level 4.8 Earth Magic
 + Level 13.2 Invocations
 - Level 13.0 Evocations


You had 19 spell levels left.
You knew the following spells:

 Your Spells              Type           Power        Failure   Level  Hunger
a - Statue Form           Tmut/Erth      ##.......    99%         6    #######


Dungeon Overview and Level Annotations

Branches:
Dungeon (15/15)            Temple (1/1) D:4            Lair (6/6) D:10
 Shoals (4/4) Lair:3       Spider (0/4) Lair:4        Slime (0/5) Lair:6
    Orc (2/2) D:11            Elf (0/3) Orc:2        Vaults (0/5) D:14
 Depths (0/5) D:15

Altars:
Ashenzari
Cheibriados
Dithmenos
Elyvilon
Fedhas
Gozag
Hepliaklqana
Kikubaaqudgha
Makhleb
Nemelex Xobeh
Okawaru
Qazlal
Ru
Sif Muna
Trog
Uskayaw
Vehumet
Wu Jian
Xom
Yredelemnul
Zin
The Shining One
Beogh
Jiyva

Shops:
D:4 %[[*   D:11 (   D:12 =   D:14 (   D:15 ![**=   Orc:2 *=([   Shoals:2 =
Shoals:3 [

Annotations:
D:6 1 runed door
D:10 1 runed door
Shoals:3 exclusion: downstairs
Shoals:4 exclusion: 4 krakens


Innate Abilities, Weirdness & Mutations

You can breathe bolts of dispelling energy.
Your rich purple scales are hard. (AC +9)
You cannot fit into any form of body armour.
You are cold-blooded and may be slowed by cold attacks.


Message History

8 tentacles come into view.
Unknown command.
Unknown command.
As you read the scroll of teleportation, it crumbles to dust.
You feel strangely unstable.
A tentacle segment bursts forth from the water. x2
The tentacle barely misses you. The tentacle closely misses you.
The tentacle slaps you!!
* * * LOW HITPOINT WARNING * * *
The tentacle completely misses you. x2; You riposte.
You slash the tentacle! You freeze the tentacle. You tail-slap the tentacle.
The tentacle is moderately wounded.
The tentacle slaps you!!
* * * LOW HITPOINT WARNING * * *
Unknown command.
Unknown command.
As you read the scroll of fear, it crumbles to dust.
You assume a fearsome visage.
The tentacle is unaffected. x7
The kraken looks frightened! x2; The tentacle slaps you!!
You die...

..≈≈≈≈≈≈
<)≈≈≈≈≈≈
≈≈≈≈≈≈≈≈≈≈≈≈≈≈≈
..≈≈≈≈≈≈
≈≈≈≈≈≈≈≈≈≈≈≈≈≈≈
..≈≈≈≈≈.
....≈≈≈≈≈≈≈≈≈≈≈
≈≈......
......≈≈≈≈≈≈≈≈≈
#≈≈.....
......≈≈≈≈≈≈≈≈≈
#≈≈≈....
......≈≈≈≈≈≈≈≈≈
###$≈≈..
≈...≈≈≈≈≈≈≈≈≈≈≈
.# ≈≈≈.. #w@≈#
## ≈≈≈
≈X≈≈≈≈www≈≈≈≈X≈
#
≈≈≈≈≈≈≈≈≈≈≈≈≈≈≈
#
≈ww≈≈≈≈≈≈≈≈$w≈≈
.#
≈≈≈≈≈≈≈≈≈≈≈≈≈≈≈
##
≈≈≈≈≈≈≈≈≈≈≈≈≈≈≈
#
≈≈≈≈≈≈≈≈≈≈≈≈≈≈≈
#.
≈≈≈≈≈≈≈≈≈≈≈≈≈≈≈
..
......≈<)......


You could see 2 krakens and 7 tentacles.

Vanquished Creatures
  Roxanne (D:15)
  A frost giant (D:15)
  A merfolk javelineer (Shoals:4)
  A minotaur (Lab)
  4 merfolk impalers
  Fannar (Lair:2)
  A fire dragon (Lair:6)
  10 hydras
  Harold (D:10)
  3 centaur warriors
  A catoblepas (D:14)
  Erica (D:8)
  3 alligator snapping turtles (Shoals:3)
  6 two-headed ogres
  10 death yaks
  A tengu warrior (D:13)
  6 merfolk aquamancers
  3 orc high priests (Orc:2)
  The ghost of bolko the Cleaver, a novice HOAE of Okawaru (D:8)
  A fire crab (Lair:6)
  7 sea snakes
  2 unseen horrors (D:10)
  3 orc knights
  8 harpies
  An orb spider (Lair:4)
  20 ugly things
  2 deep elf magi (D:13)
  11 manticores
  Psyche (D:9)
  7 cyclopes
  11 elephants
  5 water nymphs
  2 centaur zombies
  7 merfolk sirens
  9 black mambas
  2 gargoyles
  3 molten gargoyles (Lair:6)
  9 komodo dragons
  10 spiny frogs
  A redback zombie (D:14)
  4 yaktaurs
  A yaktaur (shapeshifter) (D:15)
  2 trolls
  13 merfolk
  2 wind drakes
  Grinder (D:5)
  Prince Ribbit (D:6)
  4 polar bears (Lair:1)
  8 blink frogs (Lair:6)
  10 dream sheep
  5 snapping turtles
  2 slime creatures (D:15)
  15 hippogriffs
  4 hornets
  2 shadows
  2 wraiths (D:14)
  4 water elementals
  62 yaks
  8 wyverns
  Eustachio (D:4)
  A hog (shapeshifter) (D:13)
  4 basilisks
  4 hungry ghosts
  2 steam dragons
  6 vampire mosquitoes
  Menkaure (D:7)
  4 wargs
  8 water moccasins
  4 hell hounds (Lair:6)
  8 porcupines
  32 orc warriors
  5 phantoms
  3 eyes of draining
  10 black bears
  4 ice beasts
  17 ogres
  2 sky beasts
  3 necrophages
  8 wolves
  4 boggarts (D:14)
  9 centaurs
  28 crocodiles
  7 big kobolds
  Blork the orc (D:5)
  14 bullfrogs
  A wyvern zombie (D:12)
  2 troll zombies (D:11)
  15 killer bees
  3 wights
  3 electric eels (D:10)
  A howler monkey (D:7)
  6 crimson imps
  5 lava snakes (Lair:6)
  A quasit (D:10)
  3 bullfrog zombies
  3 hounds
  4 jellies
  5 centaur skeletons
  23 orc priests
  13 orc wizards
  2 bullfrog skeletons
  11 iguanas
  12 hell rats (Lair:3)
  5 worker ants
  6 ogre zombies (D:11)
  2 hound skeletons
  A worker ant zombie (D:9)
  6 gnolls
  A howler monkey skeleton (D:8)
  13 adders
  12 river rats (Lair:3)
  2 shadow imps
  2 adder skeletons
  A worm (D:2)
  2 dart slugs
  18 leopard geckos
  108 orcs
  2 bats
  4 giant cockroaches
  8 goblins
  10 hobgoblins
  10 jackals
  31 kobolds
  14 quokkas
  3 ball pythons
  11 frilled lizards
  A giant cockroach zombie (D:6)
  A goblin skeleton (D:11)
  A goblin zombie (D:11)
  A hobgoblin skeleton (D:11)
  A hobgoblin zombie (D:11)
  4 orc skeletons (D:11)
  17 orc zombies (D:11)
  2 quokka skeletons
  2 quokka zombies
  14 rats
  2 plants
949 creatures vanquished.

Vanquished Creatures (collateral kills)
  Ilsuiw (Shoals:4)
  An orc warlord (Orc:2)
  Nessos (D:14)
  A merfolk javelineer (Shoals:3)
  An ogre mage (D:14)
  2 merfolk impalers (Shoals:4)
  A death knight (D:10)
  4 death yaks (Lair:6)
  A merfolk aquamancer (Shoals:4)
  2 two-headed ogres
  3 orc knights (Orc:2)
  2 orc sorcerers (Orc:2)
  2 manticores
  A cyclops (D:10)
  A spiny frog (Lair:5)
  2 yaktaurs (D:14)
  2 tengu conjurers (D:10)
  2 wind drakes
  2 merfolk
  A snapping turtle (Shoals:3)
  A wraith (D:10)
  A vampire (D:14)
  3 water elementals
  A basilisk (Lair:6)
  A warg (Orc:2)
  9 orc warriors (Orc:2)
  A centaur (D:13)
  An ogre (Orc:2)
  A big kobold (D:14)
  A bullfrog (D:10)
  A quasit (D:15)
  3 orc priests (Orc:2)
  3 orc wizards (Orc:2)
  7 orcs
  3 kobolds (D:10)
70 creatures vanquished.

Vanquished Creatures (others)
  A quokka (D:10)
  2 kobolds (D:10)
  4 fungi
  27 plants
  8 tentacles (Shoals:4)
42 creatures vanquished.

Grand Total: 1061 creatures vanquished

Notes
Turn   | Place    | Note
-------+----------+-------------------------------------------
     0 | D:1      | Jannitor the Draconian Gladiator began the quest for the Orb.
     0 | D:1      | Reached XP level 1. HP: 17/17 MP: 1/1
   191 | D:1      | Reached XP level 2. HP: 20/25 MP: 2/2
   914 | D:2      | Reached XP level 3. HP: 27/30 MP: 3/3
   941 | D:2      | Reached skill level 3 in Fighting
   960 | D:2      | Found a snail-covered altar of Cheibriados.
  1604 | D:3      | Reached XP level 4. HP: 32/38 MP: 4/4
  2352 | D:4      | Found a staircase to the Ecumenical Temple.
  2368 | Temple   | Entered the Ecumenical Temple
  2501 | D:4      | Found Withros's Assorted Antiques.
  2502 | D:4      | Found Haxy's Antique Armour Emporium.
  2503 | D:4      | Found a burning altar of Makhleb.
  2505 | D:4      | Found Qozepn's Antique Armour Emporium.
  2506 | D:4      | Found Zojum's Food Emporium.
  2591 | D:4      | Reached XP level 5. HP: 11/46 MP: 5/5
  2884 | D:4      | Found an iron altar of Okawaru.
  3232 | D:4      | Found a basalt altar of Yredelemnul.
  3232 | D:4      | Found a glowing silver altar of Zin.
  3307 | D:4      | Noticed Eustachio
  3368 | D:4      | Killed Eustachio
  3368 | D:4      | Reached skill level 4 in Fighting
  3368 | D:4      | Reached XP level 6. HP: 9/53 MP: 6/6
  3507 | D:4      | Became a worshipper of Makhleb the Destroyer
  4065 | D:5      | Entered Level 5 of the Dungeon
  4067 | D:5      | Noticed a sky beast
  4082 | D:5      | Killed a sky beast
  4082 | D:5      | Reached skill level 5 in Fighting
  4082 | D:5      | Reached skill level 5 in Long Blades
  4138 | D:5      | Your scales start taking on a rich purple colour.
  4138 | D:5      | Reached XP level 7. HP: 46/61 MP: 7/7
  4216 | D:5      | Found a snail-covered altar of Cheibriados.
  4756 | D:5      | Reached skill level 1 in Evocations
  4767 | D:5      | Noticed Blork the orc
  4774 | D:5      | Killed Blork the orc
  4774 | D:5      | Reached skill level 5 in Dodging
  4954 | D:5      | Noticed Grinder
  4966 | D:5      | Paralysed by Grinder for 5 turns
  4972 | D:5      | Paralysed by Grinder for 3 turns
  4981 | D:5      | Killed Grinder
  5318 | D:6      | Reached * piety under Makhleb
  5329 | D:6      | Reached skill level 6 in Fighting
  5329 | D:6      | Reached XP level 8. HP: 62/70 MP: 8/10
  5330 | D:6      | Found a radiant altar of Vehumet.
  5454 | D:6      | Noticed Prince Ribbit
  5471 | D:6      | Killed Prince Ribbit
  5929 | D:6      | Found a glowing silver altar of Zin.
  6054 | D:6      | Found a runed door.
  6301 | D:6      | Found a bloodstained altar of Trog.
  6536 | D:7      | Reached skill level 7 in Fighting
  6555 | D:7      | Noticed a hornet
  6560 | D:7      | Noticed a hippogriff
  6563 | D:7      | Noticed Menkaure
  6730 | D:7      | Reached XP level 9. HP: 72/79 MP: 12/12
  6805 | D:7      | Reached skill level 5 in Evocations
  7011 | D:7      | Reached ** piety under Makhleb
  7045 | D:7      | Killed Menkaure
  7549 | D:8      | Reached skill level 8 in Fighting
  7551 | D:8      | Noticed bolko's ghost (novice HOAE)
  7650 | D:8      | Reached skill level 1 in Invocations
  7693 | D:8      | Noticed Erica
  7703 | D:8      | Killed Erica
  7703 | D:8      | Reached XP level 10. HP: 90/90 MP: 14/14
  8203 | D:8      | Reached *** piety under Makhleb
  8225 | D:8      | Killed bolko's ghost
  8486 | D:8      | Reached skill level 9 in Fighting
  8500 | D:8      | Found a roughly hewn altar of Beogh.
  8958 | D:4      | Bought a pair of runed gloves for 172 gold pieces
  8963 | D:4      | Bought a pair of glowing boots for 172 gold pieces
  9151 | D:9      | Noticed Psyche
  9200 | D:9      | Killed Psyche
  9372 | D:9      | Found a shimmering altar of Xom.
  9539 | D:9      | Reached **** piety under Makhleb
  9556 | D:9      | Noticed a two-headed ogre
  9565 | D:9      | Killed a two-headed ogre
  9633 | D:9      | Found a deep blue altar of Sif Muna.
  9798 | D:10     | Entered Level 10 of the Dungeon
  9828 | D:10     | Reached skill level 5 in Invocations
  9828 | D:10     | Reached XP level 11. HP: 72/97 MP: 16/16
  9947 | D:10     | Found a staircase to the Lair.
  9971 | D:10     | Noticed Harold
 10002 | D:10     | Killed Harold
 10704 | Lair:1   | Entered Level 1 of the Lair of Beasts
 10752 | Lair:1   | Reached skill level 10 in Fighting
 10981 | Lair:1   | Noticed a four-headed hydra
 10992 | Lair:1   | Killed a one-headed hydra
 11537 | Lair:1   | Reached ***** piety under Makhleb
 11573 | Lair:1   | Noticed an eight-headed hydra
 11588 | Lair:1   | Killed a three-headed hydra
 11588 | Lair:1   | Reached skill level 10 in Long Blades
 11875 | Lair:1   | Reached XP level 12. HP: 108/108 MP: 18/18
 12321 | Lair:2   | Noticed Fannar
 12327 | Lair:2   | Killed Fannar
 12371 | Lair:2   | Found a labyrinth entrance.
 12380 | Lab      | Entered a labyrinth
 12635 | Lab      | Noticed a minotaur
 12642 | Lab      | Killed a minotaur
 12642 | Lab      | Reached skill level 11 in Fighting
 12651 | Lab      | Got a smoking wooden ring
 12652 | Lab      | Identified the ring of Finality {*Tele *Corrode rN++ MR++} (You found it in a labyrinth)
 13063 | Lair:2   | Reached skill level 10 in Evocations
 13468 | Lair:2   | Noticed a six-headed hydra
 13476 | Lair:2   | Killed a two-headed hydra
 13878 | Lair:2   | Reached skill level 10 in Dodging
 14640 | Lair:3   | Found a staircase to the Shoals.
 15093 | Lair:4   | Noticed an eight-headed hydra
 15094 | Lair:4   | Noticed a death yak
 15095 | Lair:4   | Noticed a death yak
 15114 | Lair:4   | Killed a death yak
 15123 | Lair:4   | Killed a death yak
 15123 | Lair:4   | Reached XP level 13. HP: 117/117 MP: 20/20
 15179 | Lair:4   | Reached ****** piety under Makhleb
 15236 | Lair:4   | Found a shattered altar of Ashenzari.
 15413 | Lair:4   | Found a hole to the Spider Nest.
 15629 | Lair:4   | Reached skill level 12 in Fighting
 16129 | Lair:5   | Found the +1 cloak of Starlight {rElec rC+ EV+4 Stlth--}
 16584 | Lair:5   | Reached skill level 10 in Invocations
 17306 | Lair:6   | Entered Level 6 of the Lair of Beasts
 17378 | Lair:6   | Reached XP level 14. HP: 127/127 MP: 22/22
 18223 | Lair:6   | Reached skill level 13 in Fighting
 18882 | Lair:6   | Found a viscous altar of Jiyva.
 18882 | Lair:6   | Found a staircase to the Slime Pits.
 19533 | Lair:6   | Found a large runed door.
 19549 | Lair:6   | Found a large runed door.
 20302 | D:10     | Found a runed door.
 20581 | D:10     | Paralysed by a hornet for 1 turns
 21155 | D:11     | Found a staircase to the Orcish Mines.
 21256 | Orc:1    | Entered Level 1 of the Orcish Mines
 21659 | Orc:2    | Entered Level 2 of the Orcish Mines
 21694 | Orc:2    | Noticed an orc warlord
 21712 | Orc:2    | Killed an orc warlord
 22051 | Orc:2    | Found a roughly hewn altar of Beogh.
 22054 | Orc:2    | Reached XP level 15. HP: 136/136 MP: 24/24
 22073 | Orc:2    | Found Dibbo's Antique Weapon Boutique.
 22075 | Orc:2    | Found Mef Zoosoiq's Antique Armour Boutique.
 22166 | Orc:2    | Found Cetsoff's General Store.
 22183 | Orc:2    | Found Meastriot's Jewellery Boutique.
 22213 | Orc:2    | Bought an iridescent scimitar for 324 gold pieces
 22213 | Orc:2    | Identified the +7 scimitar "Iraoxen" {flame, rF+ Int+6} (You bought it in a shop on level 2 of the Orcish Mines)
 22532 | Orc:1    | Found a roughly hewn altar of Beogh.
 22817 | Orc:2    | Found a staircase to the Elven Halls.
 23243 | D:11     | Found Nazayss's Antique Weapon Boutique.
 23249 | D:11     | Bought a brightly glowing great sword for 322 gold pieces
 23251 | D:11     | Identified the +3 great sword "Kulogupil" {freeze, +Blink Str+5} (You bought it in a shop on level 11 of the Dungeon)
 23697 | D:12     | You fall through a shaft!
 23923 | D:12     | Found Teufuf's Jewellery Boutique.
 23927 | D:12     | Bought the amulet "Xioneh" {*Drain +Blink +Rage rC+ Int+2} for 894 gold pieces
 24206 | D:13     | Reached skill level 14 in Fighting
 25259 | D:14     | Found Nujepn's Weapon Shoppe.
 25280 | D:14     | Found a glowing silver altar of Zin.
 25358 | D:14     | Noticed Nessos
 25368 | D:14     | Killed Nessos
 25982 | D:14     | Paralysed by an ogre mage for 3 turns
 26676 | D:14     | Found a gate to the Vaults.
 26693 | D:15     | Entered Level 15 of the Dungeon
 26766 | D:15     | Found Baewimew's Jewellery Emporium.
 26770 | D:15     | Found Qasen's Assorted Antiques.
 26817 | D:15     | Found Zeecleoja's General Store.
 26910 | D:15     | Found Koleamaco's Antique Armour Boutique.
 26936 | D:15     | Found Wauxi's Distillery.
 27006 | D:15     | Noticed Roxanne
 27034 | D:15     | Killed Roxanne
 27035 | D:15     | Identified Roxanne's Almanac of Transformation (You took it off Roxanne on level 15 of the Dungeon)
 27044 | D:15     | Learned a level 6 spell: Statue Form
 27072 | D:15     | Bought a bloodstained scimitar for 306 gold pieces
 27072 | D:15     | Identified the +10 scimitar of Infinite Pain {flame, rF+ rC+++ MP-9 Dex+4} (You bought it in a shop on level 15 of the Dungeon)
 27376 | D:15     | Found a staircase to the Depths.
 27376 | D:15     | Noticed a frost giant
 27388 | D:15     | Killed a frost giant
 27388 | D:15     | Reached skill level 1 in Spellcasting
 27388 | D:15     | Reached skill level 1 in Transmutations
 27388 | D:15     | Reached skill level 1 in Earth Magic
 28174 | Shoals:1 | Entered Level 1 of the Shoals
 28204 | Shoals:1 | Reached XP level 16. HP: 140/147 MP: 25/25
 29103 | Shoals:2 | Found Wecorelu's Jewellery Shop.
 29104 | Shoals:2 | Noticed an Executioner
 29619 | Shoals:2 | Noticed a kraken
 30316 | Shoals:3 | Found Jaihosacs's Armour Shoppe.
 30718 | Shoals:4 | Entered Level 4 of the Shoals
 30718 | Shoals:4 | Noticed a kraken
 30718 | Shoals:4 | Noticed a kraken
 30718 | Shoals:4 | Noticed a kraken
 30718 | Shoals:4 | Noticed a kraken
 30751 | Shoals:4 | Noticed an Executioner
 31504 | Shoals:4 | Noticed Ilsuiw
 31657 | Shoals:4 | Killed Ilsuiw
 32213 | Shoals:4 | Reached skill level 5 in Spellcasting
 32902 | Shoals:4 | Reached skill level 15 in Fighting
 32914 | Shoals:4 | Slain by a tentacle

Skill      XL: |  1  2  3  4  5  6  7  8  9 10 11 12 13 14 15 16 |
---------------+-------------------------------------------------+-----
Dodging        | 3 4 5 6 7 8 9 10 11 12 13 | 13.1
Fighting       | 3 4 5 6 7 8 9 10 11 12 13 14 15 | 15.0
Long Blades    | 4 5 6 8 9 10 11 12 13 14 | 14.0
Evocations     | 2 4 6 7 9 10 11 12 13 | 13.0
Invocations    | 2 5 7 8 10 11 12 13 | 13.2
Spellcasting   | 1 5 |  5.3
Transmutations | 1 4 |  4.8
Earth Magic    | 1 4 |  4.8
Throwing       | |  1.7

Action                   |  1- 3 |  4- 6 |  7- 9 | 10-12 | 13-15 | 16-18 || total
-------------------------+-------+-------+-------+-------+-------+-------++-------
Melee: Long sword        |   101 |   156 |       |       |       |       ||   257
       Tailslap          |    10 |    33 |    57 |   168 |   418 |    89 ||   775
       Scimitar          |       |    17 |   250 |   778 |  1040 |       ||  2085
       Great sword       |       |       |       |       |   439 |   299 ||   738
Throw: Throwing net      |       |     7 |     4 |     1 |       |       ||    12
Invok: Lesser Servant of |       |       |       |       |     6 |    19 ||    25
       Greater Servant o |       |       |       |       |     9 |     7 ||    16
       Minor Destruction |       |       |       |       |       |    13 ||    13
       Major Destruction |       |       |       |       |       |     4 ||     4
 Abil: Evoke Berserk Rag |       |       |     9 |    11 |     9 |     6 ||    35
       Breathe Dispellin |       |       |     2 |     2 |     2 |       ||     6
       Evoke Flight      |       |       |       |     2 |     1 |       ||     3
       Evoke Blink       |       |       |       |       |       |     5 ||     5
Evoke: Wand              |       |       |       |     5 |       |     1 ||     6
  Use: Scroll            |       |       |    20 |     7 |    18 |    11 ||    56
       Potion            |       |       |     2 |     4 |     1 |     7 ||    14
 Stab: Sleeping          |     2 |       |       |     1 |     1 |       ||     4
       Distracted        |       |       |       |     1 |     6 |     3 ||    10
  Eat: Ration            |     1 |     1 |     1 |     2 |     7 |     1 ||    13
       Chunk             |       |     3 |    17 |    28 |    33 |    15 ||    96
Armor: Skin              |    20 |    49 |    57 |   211 |   237 |    67 ||   641
Dodge: Dodged            |    65 |   147 |   223 |   662 |  1461 |   478 ||  3036
       Rpst.: Long sword |    24 |    41 |       |       |       |       ||    65
       Scimitar          |       |     3 |    72 |   188 |   264 |       ||   527
       Great sword       |       |       |       |       |   114 |   100 ||   214
